 Dungeon Crawl Stone Soup version 0.25-a0-1024-gbfbf38f2cb (webtiles) character file.

Game seed: 2544167556257974121, levelgen mode: deterministic

4135 Flugslaktarn the Cleaver (level 10, 0/79 HPs)
             Began as a Mummy Fighter on May 12, 2020.
             Was an Initiate of Gozag.
             Blown up by Maurice (13 damage)
             ... with a disintegration bolt
             ... on level 8 of the Dungeon.
             The game lasted 00:05:56 (8997 turns).

Flugslaktarn the Cleaver (Mummy Fighter)            Turns: 8997, Time: 00:05:57

Health: 0/79       AC: 17    Str: 21    XL:     10   Next: 6%
Magic:  10/10      EV:  4    Int:  7    God:    Gozag
Gold:   958        SH: 12    Dex: 14    Spells: 9/9 levels left

rFire    x . .     SeeInvis .   e - +0 war axe (vorpal)
rCold    + + .     Gourm    .   d - +0 kite shield
rNeg     + + +     Faith    .   n - +0 plate armour
rPois    ∞         Spirit   .   (no helmet)
rElec    .         Reflect  +   l - +2 cloak
rCorr    .         Harm     .   o - +0 pair of gloves
MR       +....                  (no boots)
Stlth    ..........             g - +2 amulet of reflection
HPRegen  0.23/turn              (no ring)
MPRegen  0.12/turn              c - ring of protection from cold

@: no status effects
A: no food or potions, fire vulnerability, cold resistance 1, negative energy
resistance 3, torment resistance, unbreathing
a: Potion Petition, Call Merchant, Bribe Branch, Renounce Religion


You were on level 8 of the Dungeon.
You worshipped Gozag.
Gozag was pleased with you.
You were not hungry.

You visited 2 branches of the dungeon, and saw 9 of its levels.

You collected 1088 gold pieces.
You paid 130 gold pieces to Gozag.

Inventory:

Hand Weapons
 a - a +0 war axe
 e - a +0 vorpal war axe (weapon)
   (You found it on level 8 of the Dungeon)
 i - a +2 dagger of electrocution
   (You took it off a goblin on level 2 of the Dungeon)
Missiles
 p - a throwing net (quivered)
Armour
 d - a +0 kite shield (worn)
 l - a +2 cloak (worn)
   (You found it on level 3 of the Dungeon)
 n - a +0 plate armour (worn)
   (You took it off an orc warrior on level 6 of the Dungeon)
 o - a +0 pair of gloves (worn)
   (You found it on level 8 of the Dungeon)
Jewellery
 c - a ring of protection from cold (right hand)
   (You found it on level 4 of the Dungeon)
 g - a +2 amulet of reflection (around neck)
   (You found it on level 5 of the Dungeon)
Wands
 m - a wand of clouds (1)
   (You found it on level 8 of the Dungeon)
 v - a wand of digging (5)
   (You found it on level 6 of the Dungeon)
Scrolls
 b - a scroll of vulnerability {unknown}
 f - 2 scrolls of fog
 h - a scroll of immolation
 j - 3 scrolls of enchant weapon
 k - a scroll of magic mapping
 x - 8 scrolls of remove curse


   Skills:
 + Level 7.1 Fighting
 * Level 8.0 Axes
 + Level 5.9 Armour
 + Level 6.0 Shields


You had 9 spell levels left.
You didn't know any spells.
Your spell library was empty.

Dungeon Overview and Level Annotations

Branches:
Dungeon (8/15)             Temple (1/1) D:6
   Lair: D:8-11

Altars:
Ashenzari
Cheibriados
Dithmenos
Elyvilon
Fedhas
Gozag
Hepliaklqana
Kikubaaqudgha
Makhleb
Nemelex Xobeh
Okawaru
Qazlal
Ru
Sif Muna
Trog
Uskayaw
Vehumet
Wu Jian
Xom
Yredelemnul
Zin
The Shining One
Lugonu

Shops:
D:6 !

Annotations:
D:8 Maurice


Innate Abilities, Weirdness & Mutations

You do not eat or drink.
Your flesh is vulnerable to fire.
You are immune to poison.
Your flesh is cold resistant. (rC+)
You are immune to negative energy. (rN+++)
You are immune to unholy pain and torment.
You can survive without breathing.


Message History

Reactivating autopickup.
Maurice mumbles some strange words.
Maurice puts on a burst of speed!
Unknown command.
You closely miss Maurice.
Maurice is heavily wounded.
Maurice casts a spell.
Maurice flickers and vanishes!
Deactivating autopickup; reactivate with Ctrl-A.
Evoke which item? (* to show all) (? for menu, Esc to quit)
Huh?
Evoke which item? (* to show all) (? for menu, Esc to quit)
Okay, then.
Evoke which item? (* to show all) (? for menu, Esc to quit)
Aiming: Cloud Cone
Press: ? - help, Dir - move target cursor You create a blast of flame!
You hear a zap.
You are blasted!
You die...

##.≈#≈./..#
.#≈≈.≈...$$#
≈≈≈.≈......#
##.≈≈.≈≈.≈≈..#
#.≈§§§..≈.≈.##
#.§§§§≈♣≈..♣#
#.§§♣.≈≈.#♣.
#§{§≈...≈# .#
#@#.....≈ ##
#.##..#.#
#.....#
#####.# #


There were no monsters in sight!

Vanquished Creatures
  An ugly thing (D:8)
  A hippogriff (D:8)
  A spriggan (D:7)
  A hungry ghost (D:8)
  Edmund (D:5)
  Menkaure (D:6)
  3 orc warriors
  3 sky beasts
  An ice beast (D:8)
  2 black bears
  4 ogres
  2 centaurs (D:6)
  4 bullfrogs
  A scorpion (D:7)
  2 water moccasin skeletons
  2 killer bees (D:6)
  A howler monkey (D:4)
  7 crimson imps
  A centaur zombie (D:7)
  5 hounds
  2 quasits (D:8)
  A bullfrog zombie (D:7)
  2 bullfrog skeletons
  Natasha (thrice) (D:3)
  2 iguanas
  3 orc wizards
  6 worker ants
  2 killer bee zombies (D:7)
  A hound skeleton (D:7)
  2 worker ant zombies (D:5)
  2 howler monkey skeletons
  3 gnolls (D:8)
  6 adders
  A shadow imp (D:7)
  An ooze (D:4)
  A worm (D:4)
  4 dart slugs
  3 leopard geckos
  14 orcs
  6 giant cockroaches
  3 goblins
  3 hobgoblins (D:2)
  8 jackals
  4 kobolds
  A quokka (D:8)
  4 bats
  8 frilled lizards
  5 rats
  A rat zombie (D:6)
146 creatures vanquished.

Vanquished Creatures (others)
  A gnoll (D:8)
1 creature vanquished.

Grand Total: 147 creatures vanquished

Notes
Turn   | Place    | Note
-------+----------+-------------------------------------------
     0 | D:1      | Flugslaktarn the Mummy Fighter began the quest for the Orb.
     0 | D:1      | Reached XP level 1. HP: 18/18 MP: 1/1
   147 | D:1      | Reached XP level 2. HP: 23/24 MP: 2/2
   375 | D:1      | Reached skill level 2 in Axes
   770 | D:2      | Reached XP level 3. HP: 29/29 MP: 3/3
  1126 | D:3      | Found a sparkling altar of Nemelex Xobeh.
  1349 | D:3      | Noticed Natasha
  1369 | D:3      | Killed Natasha
  1369 | D:3      | Reached XP level 4. HP: 14/35 MP: 4/4
  1702 | D:3      | Noticed Natasha
  1704 | D:3      | Killed Natasha
  1755 | D:3      | Noticed Natasha
  1761 | D:3      | Killed Natasha
  1761 | D:3      | Reached skill level 3 in Axes
  1761 | D:3      | Reached XP level 5. HP: 41/41 MP: 5/5
  1863 | D:4      | Found a snail-covered altar of Cheibriados.
  2175 | D:4      | Reached XP level 6. HP: 48/48 MP: 6/6
  2215 | D:4      | Found a shadowy altar of Dithmenos.
  2511 | D:4      | Found a glowing golden altar of the Shining One.
  2542 | D:4      | Found a shimmering altar of Xom.
  2543 | D:4      | Noticed an angel
  2546 | D:4      | Found a glowing silver altar of Zin.
  2669 | D:5      | Entered Level 5 of the Dungeon
  2680 | D:5      | Found a sacrificial altar of Ru.
  2693 | D:5      | Reached skill level 4 in Axes
  2731 | D:5      | Reached XP level 7. HP: 50/55 MP: 7/7
  2735 | D:5      | Became a worshipper of Ru the Awakened
  3459 | D:6      | Noticed Edmund
  3770 | D:5      | Killed Edmund
  3905 | D:6      | Reached skill level 5 in Fighting
  3905 | D:6      | Reached skill level 5 in Axes
  4003 | D:6      | Reached XP level 8. HP: 56/62 MP: 8/8
  4041 | D:6      | Noticed Menkaure
  4048 | D:6      | Killed Menkaure
  4306 | D:6      | Found a staircase to the Ecumenical Temple.
  4320 | Temple   | Entered the Ecumenical Temple
  4359 | Temple   | Fell from the grace of Ru
  4359 | Temple   | Became a worshipper of Gozag Ym Sagoz the Greedy
  4638 | D:6      | Found Ykhliuh's Distillery.
  4854 | D:6      | Found an ancient bone altar of Kikubaaqudgha.
  4980 | D:6      | Reached skill level 6 in Axes
  6407 | D:6      | Reached skill level 5 in Armour
  6407 | D:6      | Reached skill level 5 in Shields
  6407 | D:6      | Reached XP level 9. HP: 38/69 MP: 9/9
  7175 | D:7      | Reached skill level 7 in Axes
  7300 | D:7      | Found a shimmering blue altar of Sif Muna.
  7429 | D:8      | Found a stormy altar of Qazlal.
  7471 | D:8      | Noticed Maurice
  7850 | D:8      | Noticed a brown ugly thing
  8273 | D:8      | Found a white marble altar of Elyvilon.
  8274 | D:8      | Found a basalt altar of Yredelemnul.
  8399 | D:8      | Found a radiant altar of Vehumet.
  8399 | D:8      | Found a bloodstained altar of Trog.
  8400 | D:8      | Found a hazy altar of Hepliaklqana.
  8827 | D:8      | Killed a brown ugly thing
  8827 | D:8      | Reached XP level 10. HP: 67/79 MP: 10/10
  8944 | D:8      | Reached skill level 8 in Axes
  8997 | D:8      | Blown up by Maurice

Illustrated notes

Levels and vault maps discovered:
D:1:      minmay_arrival_four_loops, layout_loops_ring
D:2:      layout_basic, st_stairs_12
D:3:      layout_loops_ring, nemelex_xobeh_ov_fountains_minmay, st_stairs_2,
          uniq_natasha
D:4:      layout_loops_ring, grunt_temple_overflow_order_and_chaos_1,
          marbit_many_paths, lemuel_round_altar, nicolae_dithmenos_the_darkroom
D:5:      layout_basic, nicolae_ru_sacrificial_ziggurat, first_ration
D:6:      layout_basic, lemuel_zombie_altar_kikubaaqudgha,
          minmay_temple_entry_poolview, serial_shops, shop,
          corexii_corridor_pit, uniq_menkaure, uniq_edmund
D:7:      hangedman_cross_stitches, layout_rooms,
          nicolae_overflow_crystal_walls, the_bakery
D:8:      layout_basic, nicolae_overflow_hidden_temple, grunt_qazlal_clouds,
          serial_rivers, chequers_serial_rivers_small_b,
          chequers_serial_rivers_micro_c, chequers_serial_rivers_room_a,
          chequers_serial_rivers_marsh, chequers_serial_rivers_micro_b,
          chequers_serial_rivers_micro_c, minivault_1, uniq_maurice
Temple:   corrupted_temple

Skill      XL: |  1  2  3  4  5  6  7  8  9 10 |
---------------+-------------------------------+-----
Axes           | 2 3 4 5 6 7 8 |  8.0
Shields        | 3 4 5 6 |  6.0
Armour         | 3 4 5 |  5.9
Fighting       | 4 5 6 7 |  7.1

Action                   |  1- 3 |  4- 6 |  7- 9 | 10-12 || total
-------------------------+-------+-------+-------+-------++-------
Melee: War axe           |    45 |       |   355 |    20 ||   420
       Dagger            |    74 |   117 |   162 |       ||   353
Invok: Potion Petition   |       |       |     1 |       ||     1
Evoke: Wand              |       |       |     1 |     1 ||     2
  Use: Scroll            |       |    11 |     6 |     1 ||    18
 Stab: Distracted        |       |       |     2 |       ||     2
Armor: Scale mail        |    46 |    56 |   101 |       ||   203
       Plate armour      |       |       |   208 |     6 ||   214
Dodge: Dodged            |    39 |    35 |   118 |       ||   192
Block: Kite shield       |    50 |    50 |   349 |     9 ||   458

Table legend:
 A = Non-vault XP
 B = Vault XP
 C = Vault XP percentage of total XP
 D = Non-vault monster count
 E = Vault monster count
 F = Vault count percentage of total count
                 A         B        C        D         E       F
            +---------+---------+-------+---------+---------+-------
      Total |    4783 |    1125 |  19.0 |     125 |      21 |  14.4
            +---------+---------+-------+---------+---------+-------
        D:1 |      21 |       0 |   0.0 |      13 |       0 |   0.0
        D:2 |      28 |       6 |  17.6 |      13 |       2 |  13.3
        D:3 |     114 |      39 |  25.5 |      14 |       4 |  22.2
        D:4 |     257 |       0 |   0.0 |      13 |       0 |   0.0
        D:5 |     572 |     171 |  23.0 |      20 |       1 |   4.8
        D:6 |    1001 |     538 |  35.0 |      14 |       6 |  30.0
        D:7 |     728 |     371 |  33.8 |      14 |       8 |  36.4
        D:8 |    2062 |       0 |   0.0 |      24 |       0 |   0.0
            +---------+---------+-------+---------+---------+-------
